AoeStats
← Fari

QS Arena

503621712Analyzed
1v1 RM · 29d ago on Sep 1, 2026· 57m 33s· 2 players
Game mode
Random Map
Map size
Tiny (2 player)
Population
200
Speed
Normal
Resources
Standard
Victory
Conquest
Starting age
Dark Age
Ending age
Imperial Age
RankedLock teamsTeams togetherTeam positionsShared explorationLock speedFull tech treeHidden civsTurbo modeCheats
Victory
Defeat
🇬🇧 Koreans · United Kingdom
1105
+17
🇧🇷 Tupi · Brazil
1119
-17
Guerilla_The_Scylla
9:41 Feudal Age
8:24 Loom
14:15 Castle Age
12:37 Double-Bit Axe
13:18 Horse Collar
13:55 Fletching
16:25 Crossbowman
19:35 Sanctity
19:53 Bow Saw
19:56 Fervor
20:55 Wheelbarrow
21:43 Bodkin Arrow
22:05 Elite Skirmisher
24:15 Hand Cart
23:46 Town Watch
25:47 Heavy Plow
30:15 Imperial Age
28:49 Ballistics
28:41 Masonry
28:30 Stone Mining
30:01 Thumb Ring
32:01 Chemistry
31:39 Bracer
34:42 Stone Shaft Mining
33:59 Gold Mining
34:38 Conscription
35:22 Two-Man Saw
37:36 Architecture
37:14 Siege Engineers
38:05 Treadmill Crane
39:01 Town Patrol
39:06 Scale Mail Armor
39:18 Forging
39:50 Heavy Rocket Cart
40:56 Capped Ram
46:03 Shinkichon
47:17 Architecture
46:35 Arrowslits
47:02 Fortified Wall
48:02 Gold Shaft Mining
47:35 Squires
47:30 Gambesons
47:31 Arson
49:21 Chain Mail Armor
49:42 Iron Casting
50:57 Plate Mail Armor
50:57 Elite Fire Lancer
54:29 Eupseong
Fari
5:12 Loom
8:43 Feudal Age
13:59 Castle Age
12:24 Double-Bit Axe
13:02 Horse Collar
16:34 Fletching
20:17 Town Watch
26:30 Imperial Age
24:46 Wheelbarrow
24:13 Gold Mining
25:30 Bodkin Arrow
25:24 Crossbowman
26:18 Elite Skirmisher
27:17 Arbalester
29:28 Chemistry
29:29 Conscription
30:16 Ballistics
30:17 Bow Saw
33:37 Heavy Plow
35:31 Bracer
41:39 Arson
44:52 Elite Ibirapema Warrior
45:33 Squires
50:55 Curare
54:08 Scale Mail Armor
54:18 Forging
55:04 Chain Mail Armor
Connection lost

Rejoining the realm…

Still unreachable

The connection could not be restored.

Session expired

The server has moved on; the page needs a fresh start.